 Dungeon Crawl Stone Soup version 0.25.0-11-g1f837a76a1 (webtiles) character file.

Game seed: 15290392203407331593

1554 protoss039 the Geomancer (level 8, 0/41 HPs)
             Began as a Deep Elf Earth Elementalist on June 27, 2020.
             Slain by an orc warrior
             ... wielding a +0 long sword
              (17 damage)
             ... on level 6 of the Dungeon on June 28, 2020.
             The game lasted 00:20:20 (6960 turns).

protoss039 the Geomancer (DEEE)                     Turns: 6960, Time: 00:20:20

Health: 0/41       AC:  6    Str:  5    XL:     8   Next: 57%
Magic:  5/23       EV: 13    Int: 23    God:
Gold:   237        SH:  0    Dex: 15    Spells: 8/25 levels left

rFire    . . .     SeeInvis .   m - +0 dagger (speed)
rCold    . . .     Gourm    .   (no shield)
rNeg     . . .     Faith    .   v - +2 animal skin
rPois    .         Spirit   .   w - +1 helmet
rElec    .         Reflect  .   (no cloak)
rCorr    .         Harm     .   (no gloves)
MR       .....                  (no boots)
Stlth    ++........             i - amulet of the acrobat
HPRegen  0.13/turn              (no ring)
MPRegen  0.18/turn              (no ring)

@: lethally poisoned (0 -> -2)
A: no striking features
a: no special abilities


You were on level 6 of the Dungeon.
You were near starving.

You visited 2 branches of the dungeon, and saw 7 of its levels.

You collected 237 gold pieces.

Inventory:

Hand Weapons
 c - a +2 dagger of protection
 m - a +0 dagger of speed (weapon)
 q - a cursed +0 hand axe
 E - a +2 hand axe of freezing
Missiles
 b - 108 stones (quivered)
Armour
 v - a +2 animal skin (worn)
 w - a +1 helmet (worn)
Jewellery
 e - an uncursed ring of fire {unknown}
 i - an amulet of the acrobat (around neck)
 k - an uncursed ring of ice {unknown}
Wands
 D - a wand of random effects (22)
Scrolls
 g - 2 scrolls of remove curse
 j - a scroll of blinking
 l - a scroll of teleportation
 n - 2 scrolls of fog
 o - 2 scrolls of fear
 p - a scroll of immolation
 t - 3 scrolls of amnesia
 u - a scroll of random uselessness {unknown}
 y - a scroll of enchant armour
 C - 2 scrolls of identify
Potions
 a - 4 potions of heal wounds
 f - a potion of lignification {unknown}
 h - a potion of curing
 r - a potion of flight {unknown}
 s - 4 potions of stabbing
 x - a potion of might {unknown}
 z - 3 potions of brilliance
 A - a potion of invisibility {unknown}
 B - 2 potions of mutation {unknown}
Comestibles
 d - 19 rations


   Skills:
 - Level 2.4 Dodging
 - Level 2.4 Stealth
 + Level 9.3 Spellcasting
 + Level 1.6 Conjurations
 + Level 1.1 Transmutations
 + Level 9.6 Earth Magic


You had 8 spell levels left.
You knew the following spells:

 Your Spells              Type           Power        Failure   Level  Hunger
a - Sandblast             Erth           ######       1%          1    None
b - Passwall              Tmut/Erth      #####...     1%          2    None
c - Stone Arrow           Conj/Erth      #####.       1%          3    None
d - Petrify               Tmut/Erth      #####...     7%          4    ##.....
e - Lee's Rapid Deconstr  Erth           ######....   3%          5    ####...
f - Slow                  Hex            ##......     10%         2    None

Your spell library contained the following spells:

 Spells                   Type           Power        Failure   Level  Hunger
 Magic Dart               Conj           ###.         3%          1    None
 Blink                    Tloc           N/A          10%         2    None
 Call Imp                 Summ           ##......     10%         2    None
 Conjure Flame            Conj/Fire      ##......     13%         3    None
 Mephitic Cloud           Conj/Pois/Air  ##......     14%         3    None


Dungeon Overview and Level Annotations

Branches:
Dungeon (6/15)             Temple (1/1) D:6

Altars:
Dithmenos
Elyvilon
Fedhas
Kikubaaqudgha
Makhleb
Nemelex Xobeh
Okawaru
Qazlal
Ru
Sif Muna
Trog
Uskayaw
Wu Jian
Xom
Yredelemnul
Zin

Annotations:
D:2 Sigmund


Message History

Aim: an orc warrior, wielding a +0 long sword and wearing a +0 plate armour (moderately wounded)
The blast of sand hits the orc warrior but does no damage.
The orc warrior is moderately wounded.
b - 108 stones You feel sick.
The orc warrior hits you with a +0 long sword.
Unknown command.
You feel sick.
Unknown command.
Casting: Sandblast (safe; 1% risk of failure)
Confirm with . or Enter, or press ? or * to list all spells.
The spell is quite dangerous to cast (3% risk of failure)!
Continue anyway?
Aiming: Lee's Rapid Deconstruction (quite dangerous; 3% risk of failure)
Press: ? - help, Dir - move target cursor, p - orc warrior A rock wall.
The wall shatters!
The blast of rock fragments hits the orc warrior!
The orc warrior is almost dead.
The orc warrior hits you with a +0 long sword!
You die...

.## #..# .#
#.## .# #.# ##
#.# #.# #.#
######.#
##......#
##.....@##
#......o#
........###
........$.#
......))...#
###
#...........#
##.##
#........#.....
....##
##.......###...
.....#
##......# ##.


You could see an orc warrior.

Vanquished Creatures
  Eustachio (D:4)
  Menkaure (D:5)
  A sky beast (D:5)
  An ogre (D:5)
  A bullfrog (D:6)
  A scorpion (D:4)
  4 wights (D:6)
  4 crimson imps
  A bullfrog zombie (D:5)
  A hound (D:5)
  A jelly (D:5)
  4 orc priests
  4 orc wizards
  A bullfrog skeleton (D:6)
  Jessica (D:2)
  An iguana (D:4)
  Terence (D:2)
  A worker ant (D:3)
  2 hound skeletons (D:5)
  A worker ant zombie (D:5)
  Robin (D:2)
  A gnoll (D:1)
  5 adders
  A howler monkey skeleton (D:6)
  A shadow imp (D:6)
  An ooze (D:1)
  5 worms
  2 dart slugs
  6 leopard geckos
  18 orcs
  A ball python (D:1)
  A giant cockroach (D:2)
  7 hobgoblins
  4 jackals (D:1)
  5 quokkas
  2 bats
  4 frilled lizards
  18 goblins
  A jackal skeleton (D:4)
  8 kobolds
  A quokka skeleton (D:4)
  6 rats
132 creatures vanquished.

Notes
Turn   | Place    | Note
-------+----------+-------------------------------------------
     0 | D:1      | protoss039 the Deep Elf Earth Elementalist began the quest
                  | for the Orb.
     0 | D:1      | Reached XP level 1. HP: 10/10 MP: 6/6
   320 | D:1      | Reached XP level 2. HP: 15/15 MP: 5/8
   777 | D:1      | Reached XP level 3. HP: 19/19 MP: 10/10
  1255 | D:1      | Learned a level 2 spell: Passwall
  1259 | D:1      | Learned a level 3 spell: Stone Arrow
  1545 | D:2      | Noticed Jessica
  1549 | D:2      | Killed Jessica
  1549 | D:2      | Reached XP level 4. HP: 15/24 MP: 9/12
  1664 | D:2      | Noticed Terence
  1675 | D:2      | Killed Terence
  1675 | D:2      | Reached skill level 5 in Earth Magic
  1676 | D:2      | Noticed Sigmund
  2283 | D:2      | Found a sacrificial altar of Ru.
  2332 | D:2      | Noticed Robin
  2334 | D:2      | Killed Robin
  2334 | D:2      | Reached skill level 5 in Spellcasting
  2334 | D:2      | Reached XP level 5. HP: 28/28 MP: 5/14
  3385 | D:3      | Reached XP level 6. HP: 32/32 MP: 13/17
  4003 | D:4      | Noticed Eustachio
  4026 | D:4      | Killed Eustachio
  4190 | D:4      | Found a white marble altar of Elyvilon.
  4285 | D:4      | Found a burning altar of Makhleb.
  4287 | D:4      | Noticed an Executioner
  4388 | D:4      | Reached skill level 1 in Conjurations
  4391 | D:4      | Reached XP level 7. HP: 26/36 MP: 12/19
  4731 | D:4      | Learned a level 4 spell: Petrify
  4737 | D:4      | Learned a level 5 spell: Lee's Rapid Deconstruction
  4740 | D:4      | Learned a level 2 spell: Slow
  4796 | D:4      | Found an ornate altar of the Wu Jian Council.
  4845 | D:5      | Entered Level 5 of the Dungeon
  4993 | D:5      | Noticed Menkaure
  4996 | D:5      | Killed Menkaure
  5353 | D:5      | Reached XP level 8. HP: 41/41 MP: 17/22
  5875 | D:6      | Found a staircase to the Ecumenical Temple.
  5885 | Temple   | Entered the Ecumenical Temple
  6960 | D:6      | Slain by an orc warrior

Illustrated notes

Levels and vault maps discovered:
D:1:      eino_arrival_water_cross, layout_loops_corners
D:2:      layout_loops_ring, marbit_many_paths, uniq_terence, uniq_jessica,
          uniq_sigmund, uniq_robin
D:3:      layout_basic, minmay_between
D:4:      layout_basic, makhleb_altar_promises_db,
          nicolae_overflow_hidden_temple, first_ration,
          hangedman_abyss_or_decor_stagger, elyvilon_altar_5, uniq_eustachio
D:5:      kb_forest_paths, layout_loops_ring, uniq_menkaure
D:6:      layout_cave_pods, minmay_temple_entry_drinking_statues, minivault_19,
          minmay_fractal_squares_5
Temple:   nicolae_temple_figure_eight

Skill      XL: |  1  2  3  4  5  6  7  8 |
---------------+-------------------------+-----
Earth Magic    | 4 5 6 8 9 |  9.6
Spellcasting   | 4 5 6 7 8 9 |  9.3
Conjurations   | 1 |  1.6
Dodging        | |  2.4
Stealth        | |  2.4
Transmutations | |  1.1

Action                   |  1- 3 |  4- 6 |  7- 9 || total
-------------------------+-------+-------+-------++-------
Melee: Unarmed           |     5 |       |       ||     5
       Short sword       |    27 |       |       ||    27
       Dagger            |       |    38 |    33 ||    71
 Cast: Sandblast         |    20 |    82 |    49 ||   151
       Stone Arrow       |       |    15 |    18 ||    33
       Lee's Rapid Decon |       |       |     3 ||     3
  Use: Scroll            |       |    14 |       ||    14
 Stab: Sleeping          |     5 |     3 |     1 ||     9
  Eat: Chunk             |     2 |     9 |     6 ||    17
Armor: Robe              |     3 |     4 |       ||     7
       Animal skin       |       |     3 |     9 ||    12
Dodge: Dodged            |    26 |    35 |    33 ||    94
